 Dungeon Crawl Stone Soup version 0.26.0-10-g1f06aea511 (webtiles) character file.

Game seed: 7567768233095988496

25113 Arum the Fighter (level 13, -4/86 HPs)
             Began as a Gargoyle Fighter on Jan 23, 2021.
             Was the Champion of Jiyva.
             Slain by an eight-headed hydra (11 damage)
             ... on level 14 of the Dungeon.
             The game lasted 00:26:19 (17531 turns).

Arum the Fighter (Gargoyle Fighter)                Turns: 17531, Time: 00:26:20

Health: -4/86      AC: 20    Str: 30    XL:     13   Next: 17%
Magic:  13/13      EV: 12    Int:  6    God:    Jiyva [******]
Gold:   494        SH: 15    Dex:  7    Spells: 12/12 levels left

rFire    + . .     SeeInvis .   F - +0 morningstar (protect)
rCold    + . .     Faith    .   c - +2 kite shield
rNeg     + . .     Spirit   .   b - +0 scale mail
rPois    ∞         Reflect  .   u - +0 helmet
rElec    +         Harm     .   r - +0 cloak
rCorr    +         Rampage  .   (no gloves)
Will     .....                  y - +0 pair of boots
Stlth    ..........             l - amulet of magic regeneration
HPRegen  0.24/turn              C - ring of protection from cold
MPRegen  0.38/turn              d - ring of protection from fire

@: weak-willed
A: repulsion field 1, negative energy resistance 1, electricity resistance,
unbreathing, gelatinous body 1, pseudopods 2, petrification resistance, miasma
immunity, AC +9
a: Renounce Religion, Request Jelly, Slimify, Cure Bad Mutation


You were on level 14 of the Dungeon.
You worshipped Jiyva.
Jiyva was exalted by your worship.
You visited 1 branch of the dungeon, and saw 14 of its levels.

You collected 556 gold pieces.
You spent 62 gold pieces at shops.

Inventory:

Hand Weapons
 a - a +0 flail
 n - the +9 staff of Olgreb {rPois∞}
   (You found it on level 8 of the Dungeon)

   It grants immunity to poison.
 F - a +0 morningstar of protection (weapon)
Missiles
 s - 4 javelins (quivered)
Armour
 b - a +0 scale mail (worn)
 c - a +2 kite shield (worn)
 r - a +0 cloak (worn)
 u - a +0 helmet (worn)
 y - a +0 pair of boots (worn)
 G - a +2 pair of boots
Jewellery
 d - a ring of protection from fire (right hand)
 l - an amulet of magic regeneration (around neck)
 C - a ring of protection from cold (left hand)
Wands
 o - a wand of enslavement (11)
 q - a wand of flame (38)
 D - a wand of disintegration (12)
 H - a wand of digging (4)
Scrolls
 e - 7 scrolls of identify
 h - 3 scrolls of remove curse
 i - 5 scrolls of teleportation
 j - 2 scrolls of enchant armour
 B - a scroll of fog
Potions
 f - 2 potions of haste
 g - 2 potions of curing
 k - 3 potions of flight
 m - 3 potions of attraction
 p - a potion of invisibility {unknown}
 t - a potion of heal wounds
 w - a potion of brilliance {unknown}
 x - 3 potions of cancellation
 A - 2 potions of mutation {unknown}
 E - a potion of resistance {unknown}


   Skills:
 + Level 12.2 Fighting
 - Level 10.1(10.6) Maces & Flails
 + Level 5.2(8.4) Staves
 - Level 10.0 Armour
 + Level 12.2 Shields
 + Level 6.2 Evocations


You had 12 spell levels left.
You didn't know any spells.
Your spell library contained the following spells:

 Spells                   Type           Power        Failure   Level
 Beastly Appendage        Tmut           0%           78%         1
 Wereblood                Tmut           0%           89%         2
 Spider Form              Tmut/Pois      0%           98%         3
 Ice Form                 Ice/Tmut       0%           100%        4
 Blade Hands              Tmut           0%           100%        5


Dungeon Overview and Level Annotations

Branches:
Dungeon (14/15)            Temple (0/1) D:7            Lair (0/6) D:9
    Orc (0/2) D:10         Vaults (0/5) D:13

Altars:
Ashenzari
Cheibriados
Dithmenos
Gozag
Kikubaaqudgha
Nemelex Xobeh
Okawaru
Ru
Sif Muna
Uskayaw
Wu Jian
Yredelemnul
The Shining One
Jiyva

Shops:
D:4 }?*!}

Annotations:
D:8 1 runed translucent door


Innate Abilities, Weirdness & Mutations

You are resistant to torment.
Your stone body is resilient. (AC +9)
You are immune to poison.
You resist negative energy. (rN+)
You are resistant to electric shocks. (rElec)
You can survive without breathing.
You are immune to petrification.
You are immune to miasma.
You are surrounded by a mild repulsion field. (EV +2)
Your rubbery body absorbs attacks. (AC +1, EV +1)
Armour fits poorly on your large pseudopods.


Message History

Magic quickly surges around you.
It was a scroll of vulnerability.
The eight-headed hydra bites you!
* * * LOW HITPOINT WARNING * * *
You block the eight-headed hydra's attack.
The eight-headed hydra closely misses you.
The eight-headed hydra bites you but does no damage.
The eight-headed hydra misses you.
You block the eight-headed hydra's attack.
The eight-headed hydra bites you but does no damage.
The eight-headed hydra misses you.
Unknown command.
You see here a +0 flail.
You block the eight-headed hydra's attack.
The eight-headed hydra bites you but does no damage.
You block the eight-headed hydra's attack.
The eight-headed hydra bites you but does no damage. x2
The eight-headed hydra bites you.
* * * LOW HITPOINT WARNING * * *
The eight-headed hydra bites you!
You die...

# #####z#####
#8≈≈≈≈≈≈≈8#
#≈≈≈≈≈≈≈≈≈#
#≈≈≈≈≈≈≈≈≈# ##
#.........###
.####.#######.#.#####
....).# #...#...
.###### ###.#.# .#
##..@.# .#
#....D#####.#### .#
#......)........ ##
#.....#####.####
##^...# ####.. ..
#######.### .....#
####.#.# ###


You could see an eight-headed hydra (weak-willed).

Vanquished Creatures
  A vault guard (D:13)
  A boulder beetle (D:13)
  2 two-headed ogres
  2 death yaks (D:9)
  A centaur warrior (D:13)
  2 tengu warriors (D:14)
  Nergalle (D:12)
  3 skeletal warriors (D:14)
  3 unseen horrors
  7 ugly things
  3 cyclopes
  Maurice (D:13)
  3 manticores (D:12)
  2 centaur zombies
  Joseph (D:9)
  A centaur skeleton (D:11)
  Psyche (D:10)
  A gargoyle (D:14)
  A tengu conjurer (D:14)
  A meliai (shapeshifter) (D:14)
  3 trolls
  A shadow (D:9)
  5 wraiths
  A wyvern (D:9)
  6 yaks
  3 soldier ants (D:8)
  2 water moccasins (D:8)
  5 orc warriors
  3 phantoms
  A black bear (D:11)
  5 ogres
  A centaur (D:8)
  Blork the orc (D:5)
  A big kobold (D:13)
  6 bullfrogs
  A gnoll sergeant (D:11)
  3 scorpions
  10 killer bees
  4 wights (D:8)
  An electric eel (D:6)
  2 howler monkeys
  3 bullfrog zombies
  5 hounds
  5 orc priests
  A bullfrog skeleton (D:12)
  8 orc wizards
  2 iguanas (D:6)
  12 worker ants
  A killer bee zombie (D:8)
  A bullfrog simulacrum (D:13)
  A hound zombie (D:11)
  A hound skeleton (D:4)
  2 worker ant zombies (D:11)
  11 adders
  7 gnolls
  A river rat (D:4)
  A white imp (D:8)
  3 ufetubi
  An adder skeleton (D:4)
  9 worms
  A dart slug (D:2)
  2 leopard geckos
  31 orcs
  3 bats
  6 giant cockroaches
  5 goblins
  9 hobgoblins
  16 jackals
  3 quokkas
  2 frilled lizards
  A jackal skeleton (D:4)
  9 kobolds
  A leopard gecko zombie (D:5)
  A quokka skeleton (D:5)
  11 rats
279 creatures vanquished.

Vanquished Creatures (collateral kills)
  Fannar (D:10)
  3 death yaks (D:9)
  2 ugly things (D:11)
  A shadow (D:13)
  A big kobold (D:11)
  2 killer bees (D:8)
  4 gnolls (D:11)
  2 kobolds (D:11)
16 creatures vanquished.

Vanquished Creatures (others)
  A water moccasin (D:11)
  An ice beast (D:14)
  A sky beast (D:5)
  A necrophage (D:12)
  6 centaurs (D:12)
  3 bullfrogs
  9 killer bees
  4 electric eels (D:6)
  A bullfrog zombie (D:10)
  38 jellies
  An orc priest (D:11)
  An iguana (D:5)
  2 orc wizards (D:12)
  4 adders
  A shadow imp (D:10)
  A white imp (D:5)
  An adder zombie (D:9)
  An adder skeleton (D:5)
  A worm (D:3)
  A leopard gecko (D:6)
  15 orcs
  A giant cockroach (D:5)
  3 jackals
  A jackal skeleton (D:8)
  102 plants (D:6)
201 creatures vanquished.

Grand Total: 496 creatures vanquished

Notes
Turn   | Place    | Note
-------+----------+-------------------------------------------
     0 | D:1      | Arum the Gargoyle Fighter began the quest for the Orb.
     0 | D:1      | Reached XP level 1. HP: 14/14 MP: 1/1
   358 | D:1      | Reached XP level 2. HP: 19/19 MP: 2/2
  1186 | D:2      | Reached XP level 3. HP: 19/23 MP: 3/3
  1305 | D:2      | Reached XP level 4. HP: 9/29 MP: 4/4
  2086 | D:2      | Found a faded altar of an unknown god.
  2094 | D:2      | Became a worshipper of Jiyva Jaukhlom the Shapeless
  2094 | D:2      | Reached * piety under Jiyva
  3674 | D:3      | Found a sparkling altar of Nemelex Xobeh.
  3721 | D:3      | Reached XP level 5. HP: 33/33 MP: 5/5
  4163 | D:3      | Reached ** piety under Jiyva
  4302 | D:3      | Reached XP level 6. HP: 39/39 MP: 6/6
  4440 | D:3      | Reached *** piety under Jiyva
  5587 | D:4      | Found a snail-covered altar of Cheibriados.
  5617 | D:4      | Found Fevvus's Gadget Emporium.
  5675 | D:4      | Found Sapoin's Distillery.
  5690 | D:4      | Bought a potion of degeneration for 12 gold pieces
  5694 | D:4      | Found Udenk's General Store.
  5701 | D:4      | Bought a potion of curing for 30 gold pieces
  5701 | D:4      | Bought a scroll of identify for 20 gold pieces
  5838 | D:4      | Found Kuim's Magic Scroll Shoppe.
  5838 | D:4      | Found Sidudiquach's Gadget Shoppe.
  6308 | D:4      | Reached skill level 5 in Armour
  6428 | D:4      | Gained mutation: You have sharp toenails. [Jiyva's grace]
  6603 | D:5      | Entered Level 5 of the Dungeon
  6661 | D:5      | Reached **** piety under Jiyva
  6779 | D:5      | Noticed Blork the orc
  6792 | D:5      | Killed Blork the orc
  6793 | D:5      | Reached skill level 5 in Fighting
  6793 | D:5      | Reached skill level 5 in Shields
  6793 | D:5      | Reached XP level 7. HP: 26/44 MP: 7/7
  6850 | D:5      | Gained mutation: Your rubbery body absorbs attacks. (AC +1,
                  | EV +1) [Jiyva's grace]
  7015 | D:5      | Found a glowing golden altar of the Shining One.
  7109 | D:5      | Found an ornate altar of the Wu Jian Council.
  7115 | D:5      | Found an ancient bone altar of Kikubaaqudgha.
  7118 | D:5      | Found a hide-covered altar of Uskayaw.
  7224 | D:5      | Found an ancient bone altar of Kikubaaqudgha.
  7740 | D:6      | Reached ***** piety under Jiyva
  7808 | D:6      | Found a sparkling altar of Nemelex Xobeh.
  8451 | D:6      | Found a broken altar of Ashenzari.
  8639 | D:7      | Gained mutation: You expend magic power (3 MP) to
                  | strengthen your wands. [Jiyva's grace]
  8874 | D:7      | Reached XP level 8. HP: 49/51 MP: 8/8
  8908 | D:7      | Reached skill level 5 in Maces & Flails
  9317 | D:7      | Found a staircase to the Ecumenical Temple.
  9382 | D:7      | Found a sacrificial altar of Ru.
  9594 | D:8      | Found an opulent altar of Gozag.
  9731 | D:8      | Reached XP level 9. HP: 28/56 MP: 9/9
  9736 | D:8      | Lost mutation: You expend magic power (3 MP) to strengthen
                  | your wands. [Jiyva's grace]
  9784 | D:8      | Found the +9 staff of Olgreb {rPois∞}
  9803 | D:8      | Found a runed translucent gate.
  9803 | D:8      | Found a runed translucent gate.
  9804 | D:8      | Found a runed translucent door.
  9813 | D:8      | Found a shadowy altar of Dithmenos.
  9814 | D:8      | Found a runed translucent gate.
  9845 | D:8      | Found a runed translucent door.
 10525 | D:8      | Lost mutation: You have sharp toenails. [Jiyva's grace]
 10601 | D:8      | Reached ****** piety under Jiyva
 10887 | D:9      | Reached skill level 1 in Staves
 10939 | D:9      | Found a shimmering blue altar of Sif Muna.
 11005 | D:9      | Found a basalt altar of Yredelemnul.
 11040 | D:9      | Noticed Joseph
 11067 | D:9      | Killed Joseph
 11068 | D:9      | Reached XP level 10. HP: 36/64 MP: 10/10
 11131 | D:9      | Noticed a death yak
 11132 | D:9      | Noticed a death yak
 11133 | D:9      | Noticed a death yak
 11145 | D:9      | Noticed a death yak
 11146 | D:9      | Noticed a death yak
 11189 | D:9      | Killed a death yak
 11192 | D:9      | Killed a death yak
 11195 | D:9      | Killed a death yak
 11281 | D:9      | Found a staircase to the Lair.
 11378 | D:9      | Gained mutation: You are partially covered in thin metallic
                  | scales. (AC +2) [Jiyva's grace]
 11509 | D:9      | Killed a death yak
 11512 | D:9      | Killed a death yak
 11554 | D:10     | Entered Level 10 of the Dungeon
 11765 | D:10     | Killed an unseen horror
 11799 | D:10     | Lost mutation: You are partially covered in thin metallic
                  | scales. (AC +2) [Jiyva's grace]
 11856 | D:10     | Lost mutation: Your rubbery body absorbs attacks. (AC +1,
                  | EV +1) [Jiyva's grace]
 11902 | D:10     | Found a staircase to the Orcish Mines.
 12144 | D:10     | You fall into a shaft and drop 1 floor!
 12191 | D:11     | Noticed a red ugly thing
 12201 | D:11     | Killed a red ugly thing
 12202 | D:11     | Reached XP level 11. HP: 45/71 MP: 11/11
 12352 | D:11     | Noticed a red ugly thing
 12367 | D:11     | Killed a red ugly thing
 12556 | D:11     | Gained mutation: Your rubbery body absorbs attacks. (AC +1,
                  | EV +1) [Jiyva's grace]
 12592 | D:11     | Gained mutation: Your body sometimes deteriorates upon
                  | taking damage. [Jiyva's grace]
 12643 | D:10     | Noticed Psyche
 12653 | D:10     | Killed Psyche
 13001 | D:10     | Noticed Fannar
 13010 | D:10     | Killed Fannar
 13011 | D:10     | Reached skill level 10 in Armour
 13193 | D:11     | Reached skill level 10 in Fighting
 13193 | D:11     | Reached skill level 10 in Shields
 13236 | D:11     | Lost mutation: Your body sometimes deteriorates upon taking
                  | damage. [Jiyva's grace]
 13661 | D:11     | Noticed a cyclops
 13676 | D:11     | Killed a cyclops
 13677 | D:11     | Reached skill level 1 in Evocations
 14202 | D:12     | Noticed a manticore
 14218 | D:12     | Killed a manticore
 14289 | D:12     | HP: 2/73 [something (2)]
 14293 | D:12     | Killed an unseen horror
 14509 | D:12     | Gained mutation: Armour fits poorly on your pseudopods.
                  | [Jiyva's grace]
 14524 | D:12     | Noticed a manticore
 14539 | D:12     | Killed a manticore
 14567 | D:12     | Noticed Nergalle
 14600 | D:12     | Killed Nergalle
 14660 | D:12     | Noticed a cyclops
 14669 | D:12     | Killed a cyclops
 14673 | D:12     | Noticed a manticore
 14681 | D:12     | Killed a manticore
 14704 | D:12     | Gained mutation: Your magical capacity is low. (-10% MP)
                  | [Jiyva's grace]
 14879 | D:12     | Lost mutation: Your magical capacity is low. (-10% MP)
                  | [Jiyva's grace]
 14935 | D:12     | Killed an unseen horror
 14936 | D:12     | Reached XP level 12. HP: 60/79 MP: 12/12
 15346 | D:13     | Noticed a two-headed ogre
 15356 | D:13     | Killed a two-headed ogre
 16045 | D:13     | Noticed a boulder beetle
 16056 | D:13     | Killed a boulder beetle
 16071 | D:13     | Noticed a vault guard
 16082 | D:13     | Reached skill level 10 in Maces & Flails
 16094 | D:13     | Killed a vault guard
 16108 | D:13     | Found a gate to the Vaults.
 16134 | D:13     | Gained mutation: You are surrounded by a mild repulsion
                  | field. (EV +2) [Jiyva's grace]
 16262 | D:13     | Killed Maurice
 16356 | D:13     | Noticed a centaur warrior
 16369 | D:13     | Killed a centaur warrior
 16519 | D:14     | Reached skill level 5 in Evocations
 16746 | D:14     | Found an iron altar of Okawaru.
 16762 | D:14     | Gained mutation: Armour fits poorly on your large
                  | pseudopods. [Jiyva's grace]
 16815 | D:14     | Noticed a tengu warrior
 16822 | D:14     | Killed a tengu warrior
 16827 | D:14     | Noticed a tengu warrior
 16847 | D:14     | Killed a tengu warrior
 16870 | D:14     | Noticed a two-headed ogre
 16874 | D:14     | Killed a two-headed ogre
 16875 | D:14     | Reached XP level 13. HP: 83/86 MP: 13/13
 17210 | D:14     | Reached skill level 5 in Staves
 17531 | D:14     | Slain by an eight-headed hydra

Illustrated notes

Levels and vault maps discovered:
D:1:      dpeg_arrival_ratfight, layout_loops_corners, minmay_indecisive_spiral
D:2:      layout_basic, chequers_ecumenical_altar_simple, kennysheep_crisscross,
          kennysheep_generic_room_11
D:3:      layout_basic, nemelex_xobeh_ov_fountains_minmay, patterned_corridor
D:4:      layout_cave_pods, lemuel_round_altar, gup_sewer_entry_bubbles,
          serial_shops, shop, nicolae_shop_statue_plus, shop_scrolls,
          shop_fountains, shop
D:5:      layout_cave_pods, grunt_temple_overflow_diamond,
          nicolae_tso_carved_into_rock, basic_altar, uniq_blork_the_orc
D:6:      layout_loops_corners, general_overflow_altar, serial_bayou,
          serial_bayou_lagoon_a, serial_bayou_pond_a, serial_bayou_ford_a,
          serial_bayou_pond_a, serial_bayou_shore_a, serial_bayou_pond_d,
          nemelex_lonely_heart_becter
D:7:      layout_loops_ring, lemuel_crystal_altar,
          minmay_temple_entry_sparse_star
D:8:      layout_loops_ring, old_standard_altar,
          nicolae_dithmenos_through_a_glass_darkly,
          minmay_guarded_unrand_staff_of_olgreb
D:9:      layout_basic, grunt_temple_overflow_open, dpeg_lair_monsters,
          uniq_joseph
D:10:     layout_gridville, david_orc_4, wad_floor_pattern_1, uniq_psyche,
          uniq_fannar
D:11:     layout_basic
D:12:     layout_roguey, uniq_nergalle
D:13:     layout_gridville, david_vaults_5, chequers_serial_rivers_room_b,
          uniq_maurice
D:14:     layout_loops_corners, lemuel_doored_altar, evilmike_minifort

Skill      XL: |  1  2  3  4  5  6  7  8  9 10 11 12 13 |
---------------+----------------------------------------+-----
Armour         | 4 5 6 8 9 10 | 10.0
Fighting       | 4 5 6 8 9 10 12 | 12.2
Shields        | 4 5 6 8 9 10 12 | 12.2
Maces & Flails | 3 4 5 6 8 9 10 | 10.1
Staves         | 2 4 5 |  5.2
Evocations     | 3 5 6 |  6.2

Action                   |  1- 3 |  4- 6 |  7- 9 | 10-12 | 13-15 || total
-------------------------+-------+-------+-------+-------+-------++-------
Melee: Flail             |    84 |   378 |   456 |   610 |       ||  1528
       Kick              |       |     7 |    64 |       |       ||    71
       Staff             |       |       |    44 |   148 |    12 ||   204
       Pseudopods        |       |       |       |    94 |    15 ||   109
       Morningstar       |       |       |       |       |    56 ||    56
Invok: Request Jelly     |       |     4 |     1 |     6 |     1 ||    12
       Slimify           |       |       |       |     2 |       ||     2
Evoke: Wand              |       |       |     1 |     6 |       ||     7
       Staff of Olgreb   |       |       |       |    28 |     1 ||    29
  Use: Scroll            |       |     7 |     6 |     1 |     2 ||    16
       Potion            |       |       |     3 |     5 |       ||     8
 Stab: Distracted        |       |       |       |     2 |       ||     2
Armor: Scale mail        |    45 |   215 |   256 |   515 |    36 ||  1067
Dodge: Dodged            |    25 |   130 |   168 |   186 |    25 ||   534
Block: Kite shield       |    49 |   211 |   322 |   492 |    47 ||  1121
